 Dungeon Crawl Stone Soup version 0.25.1-1-g288607f (webtiles) character file.

Game seed: 14232674829398538222

147 Gadfly the Covered (level 5, -1/33 HPs)
             Began as a Gargoyle Fighter on July 29, 2020.
             Slain by Purgy (3 damage)
             ... in a sewer.
             The game lasted 00:03:49 (2361 turns).

Gadfly the Covered (Gargoyle Fighter)               Turns: 2361, Time: 00:03:50

Health: -1/33      AC: 13    Str: 21    XL:     5   Next: 29%
Magic:  5/5        EV:  5    Int:  8    God:
Gold:   118        SH: 10    Dex:  9    Spells: 4/4 levels left

rFire    . . .     SeeInvis .   a - +0 flail
rCold    . . .     Gourm    .   c - +1 kite shield
rNeg     + . .     Faith    .   e - +0 chain mail
rPois    ∞         Spirit   .   (no helmet)
rElec    +         Reflect  .   (no cloak)
rCorr    .         Harm     .   (no gloves)
MR       .....                  (no boots)
Stlth    ..........             (no amulet)
HPRegen  0.11/turn              (no ring)
MPRegen  0.09/turn              (no ring)

@: mighty
A: negative energy resistance 1, electricity resistance, unbreathing,
petrification resistance, rot immunity, AC +4
a: no special abilities


You were in a sewer.
You were hungry.

You visited 1 branch of the dungeon, and saw 3 of its levels.
You also visited: Sewer.

You collected 118 gold pieces.

Inventory:

Hand Weapons
 a - a +0 flail (weapon)
 b - a +3 vampiric spear
Armour
 c - a +1 kite shield (worn)
 e - a +0 chain mail (worn)
Scrolls
 g - a scroll of identify
 h - a scroll of remove curse
 j - a scroll of blinking
Potions
 i - a potion of mutation
Comestibles
 f - 3 rations
 k - 15 chunks of flesh


   Skills:
 + Level 4.0 Fighting
 * Level 3.6 Maces & Flails
 + Level 4.1 Armour
 + Level 4.1 Shields


You had 4 spell levels left.
You didn't know any spells.
Your spell library was empty.

Dungeon Overview and Level Annotations

Branches:
Dungeon (3/15)              Sewer (1/1)

Altars:

Annotations:
Sewer Purgy


Innate Abilities, Weirdness & Mutations

You are resistant to torment.
Your stone body is resilient. (AC +4)
You are immune to poison.
You resist negative energy. (rN+)
You are resistant to electric shocks. (rElec)
You can survive without breathing.
You are immune to petrification.
You are immune to rotting.


Message History

Purgy bites you.
* * * LOW HITPOINT WARNING * * *
Purgy claws you but does no damage. x2
You sock Purgy!
Purgy is heavily wounded.
You block Purgy's attack. Purgy claws you but does no damage.
You block Purgy's attack.
Your shield and chain mail prevent you from hitting Purgy.
Purgy is moderately wounded.
Purgy barely misses you. Purgy closely misses you. Purgy completely misses you.
Purgy barely misses you. Purgy claws you but does no damage.
Purgy barely misses you.
You hit Purgy.
Purgy is heavily wounded.
You block Purgy's attack. Purgy completely misses you.
Purgy claws you but does no damage.
Unknown command.
You feel mightier all of a sudden. You block Purgy's attack. Purgy claws you.
You die...

#≈≈≈≈≈≈≈≈## ?≈?
#≈≈≈≈≈≈≈≈≈# #≈#
#≈≈≈≈≈≈≈≈≈## #≈#
#≈≈≈≈≈≈≈≈≈.# #≈#
#≈≈≈≈≈≈≈≈≈≈## #.#
≈≈≈≈≈≈≈≈≈≈≈≈## #.#
≈≈≈≈≈≈≈≈≈≈≈.# #≈#
#≈#≈≈≈≈≈≈≈≈.####≈#.#
##≈≈≈≈≈≈≈≈≈≈@T≈≈≈#
#≈≈≈≈≈≈≈≈≈≈≈≈≈≈≈≈≈≈≈
##≈≈≈≈≈≈≈≈≈≈≈≈≈≈≈≈≈≈≈
##≈≈≈≈≈≈≈≈≈≈≈≈≈≈≈≈≈≈
##≈≈≈≈≈≈≈≈≈≈≈≈≈≈≈≈≈
##≈≈≈≈≈≈≈≈≈≈≈≈≈≈≈≈
##≈≈≈≈≈≈≈≈≈≈≈≈≈≈≈
##≈≈≈≈≈≈≈≈≈≈≈≈≈


You could see Purgy.

Vanquished Creatures
  3 gnolls (D:2)
  5 adders
  3 dart slugs (D:1)
  A leopard gecko (D:3)
  3 orcs (D:3)
  4 ball pythons
  5 giant cockroaches
  6 goblins
  5 hobgoblins
  4 jackals (D:3)
  6 kobolds
  A quokka (D:3)
  5 bats
  8 frilled lizards
  8 rats
67 creatures vanquished.

Notes
Turn   | Place    | Note
-------+----------+-------------------------------------------
     0 | D:1      | Gadfly the Gargoyle Fighter began the quest for the Orb.
     0 | D:1      | Reached XP level 1. HP: 14/14 MP: 1/1
   213 | D:1      | Reached XP level 2. HP: 17/19 MP: 2/2
   649 | D:1      | Reached XP level 3. HP: 20/23 MP: 3/3
  1123 | D:2      | Reached XP level 4. HP: 29/29 MP: 4/4
  2182 | D:3      | Reached XP level 5. HP: 32/33 MP: 5/5
  2215 | D:3      | Found a glowing drain.
  2238 | Sewer    | Entered a sewer
  2330 | Sewer    | Noticed Purgy
  2361 | Sewer    | Slain by Purgy

Illustrated notes

Levels and vault maps discovered:
D:1:      nicolae_arrival_memento_mori, layout_basic
D:2:      layout_basic
D:3:      layout_basic, first_ration, portal_sewer_entry_f, uniq_natasha
Sewer:    sewer_co_purgy_island

Skill      XL: |  1  2  3  4 |
---------------+-------------+-----
Maces & Flails | 3 |  3.6
Armour         | 4 |  4.1
Fighting       | 4 |  4.0
Shields        | 4 |  4.1

Action                   |  1- 3 |  4- 6 || total
-------------------------+-------+-------++-------
Melee: Flail             |   134 |   194 ||   328
       Spear             |     4 |       ||     4
  Use: Scroll            |     6 |     2 ||     8
       Potion            |       |     2 ||     2
  Eat: Chunk             |     1 |     4 ||     5
Armor: Chain mail        |    98 |   142 ||   240
       Scale mail        |    11 |       ||    11
Dodge: Dodged            |    36 |    64 ||   100
Block: Kite shield       |   100 |   147 ||   247
